 Dungeon Crawl Stone Soup version 0.17.0-24-gcfadda4 (console) character file.

114 jw the Cutter (level 4, -2/32 HPs)
             Began as an Octopode Berserker on Nov 15, 2015.
             Was a Believer of Trog.
             Killed from afar by Sigmund (6 damage)
             ... with a magic dart
             ... on level 3 of the Dungeon.
             The game lasted 00:06:05 (1768 turns).

jw the Cutter (Octopode Berserker)                  Turns: 1768, Time: 00:06:05

Health: -2/32      AC:  1    Str: 16    XL:     4   Next: 97%
Magic:  4/4        EV: 13    Int:  9    God:    Trog [**....]
Gold:   91         SH:  0    Dex: 12    Spells: 0 memorised, 3 levels left

rFire  . . .     SeeInvis .     a - +0 short sword
rCold  . . .     Clarity  .     (no shield)
rNeg   . . .     SustAt   .     (helmet restricted)
rPois  .         Gourm    .     (no amulet)
rElec  .         Spirit   .     (no ring)
rCorr  .         Warding  .     (no ring)
rMut   .         Stasis   .     (no ring)
MR     ++...                    (no ring)
Stlth  +++.......               (no ring)
                                (no ring)
                                (no ring)
                                (no ring)

@: regenerating, very resistant to hostile enchantments, fairly stealthy
A: almost no armour, amphibious, 8 rings, constrict 8, camouflage 1, gelatinous
body 1
a: Berserk, Trog's Hand, Burn Spellbooks, Renounce Religion


You were on level 3 of the Dungeon.
You worshipped Trog.
Trog was pleased with you.
You were very hungry.

You visited 1 branch of the dungeon, and saw 3 of its levels.

You collected 91 gold pieces.

Inventory:

Hand Weapons
 a - a +0 short sword (weapon)
Missiles
 c - 27 stones (quivered)
Wands
 e - a wand of flame (21)
Scrolls
 g - a scroll of random uselessness {unknown}
 i - 2 scrolls of remove curse
Comestibles
 b - a bread ration
 f - a royal jelly


   Skills:
 + Level 3.6 Fighting
 * Level 3.7 Short Blades
 + Level 1.4 Throwing
 + Level 3.4 Dodging
 * Level 3.1 Stealth


You had 3 spell levels left.
You didn't know any spells.

Dungeon Overview and Level Annotations

Branches:
Dungeon (3/15)

Altars:

Annotations:
D:3 Sigmund


Innate Abilities, Weirdness & Mutations

You cannot wear most types of armour.
You are amphibious.
You can wear up to eight rings at the same time.
You can use your tentacles to constrict eight enemies at once.
Your skin changes colour to match your surroundings (Stealth).
Your rubbery body absorbs attacks (AC +1).


Message History

A puff of flame appears from out of thin air!
The puff of flame misses you.
MOVING TO (-3,-4)
Something hits you!
ATTACK MOVE TO (-1,-1) ATTACK MOVE TO (-1,1)
You feel the effects of Trog's Hand fading.
You see here a scroll labeled XUSCHOD DATO.
MOVING TO (0,-3)
You hear some strange, mumbled words.
A puff of flame appears from out of thin air!
The puff of flame hits you!
MOVING TO (0,-2)
You hear a zap.
A puff of flame appears from out of thin air!
The puff of flame hits you!
ATTACK MOVE TO (1,-1)
A magic dart appears from out of thin air!
The magic dart hits you!
You die...

####### ......
#....########### +.......
......## # ####....###
#......# #.#..x.......
+......#
..###.##.#....#####.......
..........................
..###.#?...##.###....#....
........................##
....#+#......$.......)..#
...g....##..............#
.. .....######....#.....#
# ......# #....#.....#


There were no monsters in sight!

Table legend:
 A = Turns spent in this place as a percentage of turns spent in the entire game.
 B = Non-inter-level travel turns spent in this place as a percentage of non-inter-level travel turns spent in the entire game.
 C = Inter-level travel turns spent in this place as a percentage of turns spent in this place.
 D = Turns resting spent in this place as a percentage of non-inter-level travel turns spent in this place.
 E = Turns spent auto-exploring this place as a percentage of non-inter-level travel turns spent in this place.
 F = Non-inter-level travel turns spent in this place divided by the number of levels of this place that you've seen.
                   A       B       C       D       E      F
               +-------+-------+-------+-------+-------+----------------------
         Total | 100.0 | 100.0 |   0.4 |   0.9 |   2.7 | 1013.7
       Dungeon | 100.0 | 100.0 |   0.4 |   0.9 |   2.7 | 1013.7
               +-------+-------+-------+-------+-------+----------------------

Table legend:
 A = Kills in this place as a percentage of kills in entire the game.
 B = Kills by you in this place as a percentage of kills by you in the entire game.
 C = Kills by friends in this place as a percentage of kills by friends in the entire game.
 D = Other kills in this place as a percentage of other kills in the entire game.
 E = Experience gained in this place as a percentage of experience gained in the entire game.
 F = Experience gained in this place divided by the number of levels of this place that you have seen.
                   A       B       C       D       E      F
               +-------+-------+-------+-------+-------+----------------------
         Total | 100.0 | 100.0 |  -nan |  -nan | 100.0 |  54.3
       Dungeon | 100.0 | 100.0 |  -nan |  -nan | 100.0 |  54.3
               +-------+-------+-------+-------+-------+----------------------

Vanquished Creatures
  An orc priest (D:3)
  An adder (D:3)
  3 gnolls (D:2)
  An ooze (D:1)
  4 orcs (D:3)
  9 bats
  2 hobgoblins (D:1)
  A giant cockroach (D:1)
  3 giant newts
  5 goblins
  4 jackals (D:3)
  3 kobolds (D:1)
  9 rats
46 creatures vanquished.

Notes
Turn   | Place    | Note
--------------------------------------------------------------
     0 | D:1      | jw the Octopode Berserker began the quest for the Orb.
     0 | D:1      | Reached XP level 1. HP: 16/16 MP: 1/1
    98 | D:1      | Reached skill level 1 in Stealth
   193 | D:1      | Reached XP level 2. HP: 19/21 MP: 2/2
  1009 | D:1      | Reached XP level 3. HP: 26/26 MP: 3/3
  1095 | D:2      | Reached skill level 1 in Throwing
  1206 | D:2      | Reached ** piety under Trog
  1424 | D:2      | Reached XP level 4. HP: 31/31 MP: 4/4
  1461 | D:2      | You fall through a shaft!
  1755 | D:3      | Noticed Sigmund
  1768 | D:3      | Killed from afar by Sigmund

Action                   |  1- 3 |  4- 6 || total
-------------------------+-------+-------++-------
Melee: Short sword       |    53 |    24 ||    77
Throw: Stone             |     8 |    16 ||    24
Invok: Berserk           |     1 |     1 ||     2
       Trog's Hand       |       |     2 ||     2
Evoke: Wand              |       |     4 ||     4
  Use: Scroll            |     4 |       ||     4
       Potion            |     3 |       ||     3
 Stab: Sleeping          |     4 |     2 ||     6
  Eat: Chunk             |     3 |     1 ||     4

Vault maps used:
D:1:      minmay_arrival_four_loops
D:3:      first_bread, hangedman_decor_push, uniq_sigmund
